 Dungeon Sprint DCSS version 0.23.1 (webtiles) character file.

Game seed: 12485580810038434404

3790 nuthulu the Unseen (level 9, -2/39 HPs)
             Began as a Spriggan Enchanter on Mar 7, 2019.
             Was a Believer of Dithmenos.
             Killed by an exploding ballistomycete spore (16 damage)
             ... in the Dungeon (Sprint I: "Red Sonja").
             The game lasted 00:03:20 (793 turns).

nuthulu the Unseen (Spriggan Enchanter)              Turns: 793, Time: 00:03:21

Health: -2/39      AC:  2    Str:  5    XL:     9   Next: 95%
Magic:  26/26      EV: 34    Int: 16    God:    Dithmenos [**....]
Gold:   270        SH:  0    Dex: 25    Spells: 21/33 levels left

rFire    + . .     SeeInvis +   r - +1 dagger (distort)
rCold    . . .     Gourm    .   (shield restricted)
rNeg     . . .     Faith    .   n - +0 robe of Qickag {rF+ Dex+6 Slay+5}
rPois    .         Spirit   .   (helmet restricted)
rElec    .         Reflect  .   (no cloak)
rCorr    .         Harm     .   (gloves unavailable)
MR       +....     NoTele   +   (boots unavailable)
Stlth    +++.......             (no amulet)
HPRegen  0.13/turn              (no ring)
MPRegen  0.20/turn              (no ring)

@: confused, wreathed by umbra, very quick
A: very small, unfitting armour, see invisible, herbivore, speed 3, slow
metabolism 2
a: Shadow Step, Renounce Religion


You were in the Dungeon.
You worshipped Dithmenos.
Dithmenos was pleased with you.
You were not hungry.

You visited 1 branch You collected 753 gold pieces.
You spent 483 gold pieces at shops.

Inventory:

Hand Weapons
 a - a +1 dagger
 p - a +0 blowgun
 r - a +1 dagger of distortion (weapon)
Missiles
 q - 5 curare-tipped needles
Armour
 b - a +0 robe
 n - the +0 robe of Qickag (worn) {rF+ Dex+6 Slay+5}
   (You bought it in a shop in the Dungeon)

   It affects your dexterity (+6).
   It affects your accuracy and damage with ranged weapons and melee attacks
   (+5).
   It protects you from fire.
Wands
 c - a wand of digging (5)
 k - a wand of paralysis (3)
 o - a wand of polymorph (10)
Scrolls
 i - a scroll of enchant armour {unknown}
 j - a scroll of blinking
Potions
 e - a potion of curing
 f - a potion of heal wounds
 g - a potion of haste
 h - 2 potions of magic
 l - a potion of brilliance {unknown}
 m - a potion of flight {unknown}
Comestibles
 d - a ration


   Skills:
 + Level 11.4 Short Blades
 + Level 14.4 Dodging
 + Level 15.8 Stealth
 + Level 12.5 Spellcasting
 + Level 12.7 Hexes


You had 21 spell levels left.
You knew the following spells:

 Your Spells              Type           Power        Failure   Level  Hunger
a - Corona                Hex            ######.      1%          1    None
b - Ensorcelled Hibernat  Hex/Ice        ####..       1%          2    None
c - Confuse               Hex            ######..     1%          3    None
d - Tukima's Dance        Hex            ######..     1%          3    None
e - Dazzling Spray        Conj/Hex       ####..       1%          3    None

Your spell library contained the following spells:

 Spells                   Type           Power        Failure   Level  Hunger


Dungeon Overview and Level Annotations

Branches:
Dungeon (1/1)

Altars:
Cheibriados
Dithmenos
Elyvilon
Fedhas
Gozag
Hepliaklqana
Kikubaaqudgha
Makhleb
Nemelex Xobeh
Okawaru
Qazlal
Ru
Sif Muna
Trog
Uskayaw
Vehumet
Wu Jian
Xom
Yredelemnul
Zin
The Shining One
Jiyva
Lugonu

Shops:
D :}[

Annotations:
D exclusion: oklob plant


Innate Abilities, Weirdness & Mutations

You are very small and have problems with some larger weapons.
You are too small for most types of armour.
You have supernaturally acute eyesight. (SInv)
You are a herbivore.
You cover ground extremely quickly.
You need to consume almost no food.


Message History

You close the door.
You open the door. 2 ballistomycete spores come into view.
Found five items.
Found 54 gold pieces.
There is an open door here.
The helpless ballistomycete spore fails to defend itself.
You perforate the ballistomycete spore like a sieve!!!!!
The ballistomycete spore explodes!
The explosion of spores engulfs you!!
You are confused.
Ouch! That really hurt!
A fungus suddenly grows.
The explosion of spores engulfs the ballistomycete spore!
The ballistomycete spore explodes!
A fungus suddenly grows.
The explosion of spores engulfs the ballistomycete.
The explosion of spores engulfs you!
You are more confused.
You die...

#..#_____##'#_§§≈≈≈§§§.§#
#⌠⌠#_.∩..†'..._#≈§§§)#.§#
####_..__##_.#+##§#####+#
#_____###+# #...(###P+
############.####'###.###
#∩^.......+...'..[..'.∩#
###++++####...##########
##.## #@# #P!P!$# #$[?)$#
#######


There were no monsters in sight!

Vanquished Creatures
  2 centaur warriors (D)
  Sonja (D)
  A deep troll (D)
  2 kobold demonologists (D)
  A hornet (D)
  A slime creature (D)
  Sigmund (D)
  A yak (D)
  A floating eye (D)
  An ogre (D)
  A jelly (D)
  Ijyb (D)
14 creatures vanquished.

Notes
Turn   | Place    | Note
-------+----------+-------------------------------------------
     0 | D        | nuthulu the Spriggan Enchanter began the quest for the Orb.
     0 | D        | Reached XP level 1. HP: 9/9 MP: 5/5
     1 | D        | Noticed Ijyb
    16 | D        | Killed Ijyb
    16 | D        | Reached skill level 5 in Stealth
    16 | D        | Reached XP level 2. HP: 13/13 MP: 6/8
    55 | D        | Learned a level 2 spell: Ensorcelled Hibernation
    55 | D        | Noticed an ogre
    58 | D        | Killed an ogre
    58 | D        | Reached skill level 7 in Stealth
    58 | D        | Reached skill level 5 in Spellcasting
    58 | D        | Reached XP level 3. HP: 16/16 MP: 9/11
    58 | D        | Reached XP level 4. HP: 21/21 MP: 9/12
    63 | D        | Learned a level 3 spell: Confuse
    67 | D        | Learned a level 3 spell: Tukima's Dance
    71 | D        | Learned a level 3 spell: Dazzling Spray
    80 | D        | Noticed Sigmund
    83 | D        | Killed Sigmund
    83 | D        | Reached skill level 9 in Stealth
    83 | D        | Reached XP level 5. HP: 24/24 MP: 11/15
    95 | D        | Found an ornate altar of the Wu Jian Council.
    95 | D        | Found a deep blue altar of Sif Muna.
    97 | D        | Found a radiant altar of Vehumet.
   101 | D        | Reached XP level 6. HP: 28/28 MP: 14/17
   116 | D        | Found Viup's Gadget Emporium.
   116 | D        | Found an ancient bone altar of Kikubaaqudgha.
   116 | D        | Found a hazy altar of Hepliaklqana.
   116 | D        | Found a hide-covered altar of Uskayaw.
   116 | D        | Found a basalt altar of Yredelemnul.
   116 | D        | Found an opulent altar of Gozag.
   116 | D        | Found a snail-covered altar of Cheibriados.
   116 | D        | Found a sacrificial altar of Ru.
   116 | D        | Found a shadowy altar of Dithmenos.
   116 | D        | Noticed a yak
   117 | D        | Found a stormy altar of Qazlal.
   117 | D        | Found a blossoming altar of Fedhas.
   117 | D        | Found a bloodstained altar of Trog.
   117 | D        | Found an iron altar of Okawaru.
   117 | D        | Found a glowing golden altar of the Shining One.
   117 | D        | Found a glowing silver altar of Zin.
   117 | D        | Found a white marble altar of Elyvilon.
   118 | D        | Killed a yak
   118 | D        | Reached skill level 10 in Stealth
   119 | D        | Found a sparkling altar of Nemelex Xobeh.
   126 | D        | Became a worshipper of Dithmenos the Shadowed
   141 | D        | Found a viscous altar of Jiyva.
   141 | D        | Found a corrupted altar of Lugonu.
   141 | D        | Noticed a slime creature
   142 | D        | Found a burning altar of Makhleb.
   142 | D        | Found a shimmering altar of Xom.
   144 | D        | Killed a slime creature
   144 | D        | Reached skill level 10 in Dodging
   144 | D        | Reached skill level 11 in Stealth
   144 | D        | Reached XP level 7. HP: 32/32 MP: 20/20
   156 | D        | Noticed a kobold demonologist
   157 | D        | Noticed a kobold demonologist
   160 | D        | Killed a kobold demonologist
   160 | D        | Reached skill level 12 in Stealth
   165 | D        | Paralysed by a floating eye for 4 turns
   173 | D        | Killed a kobold demonologist
   173 | D        | Reached * piety under Dithmenos
   173 | D        | Reached skill level 10 in Spellcasting
   173 | D        | Reached skill level 10 in Hexes
   173 | D        | Reached XP level 8. HP: 25/36 MP: 13/23
   174 | D        | Paralysed by a floating eye for 4 turns
   283 | D        | Noticed a centaur warrior
   285 | D        | Noticed a centaur warrior
   287 | D        | Killed a centaur warrior
   287 | D        | Reached skill level 14 in Stealth
   289 | D        | Killed a centaur warrior
   289 | D        | Reached ** piety under Dithmenos
   289 | D        | Reached skill level 10 in Short Blades
   289 | D        | Reached XP level 9. HP: 39/39 MP: 23/25
   304 | D        | Reached skill level 15 in Stealth
   314 | D        | Noticed an oklob plant
   714 | D        | Noticed a deep troll
   716 | D        | Killed a deep troll
   732 | D        | Found Ocianki's Armour Emporium.
   739 | D        | Bought the +0 robe of Qickag {rF+ Dex+6 Slay+5} for 483
                  | gold pieces
   756 | D        | Noticed Sonja
   759 | D        | Killed Sonja
   780 | D        | Found Issam's Book Boutique.
   793 | D        | Killed by an exploding ballistomycete spore

Skill      XL: |  1  2  3  4  5  6  7  8  9 |
---------------+----------------------------+-----
Short Blades   | 2 4 6 7 8 10 11 | 11.4
Dodging        | 4 6 8 10 11 13 14 | 14.4
Stealth        | 5 7 9 11 12 14 15 | 15.8
Spellcasting   | 4 5 7 8 10 11 12 | 12.5
Hexes          | 4 6 7 9 10 11 12 | 12.7

Action                   |  1- 3 |  4- 6 |  7- 9 || total
-------------------------+-------+-------+-------++-------
Melee: Dagger            |    13 |     4 |    29 ||    46
 Cast: Dazzling Spray    |       |       |     3 ||     3
       Ensorcelled Hiber |       |       |     2 ||     2
  Use: Potion            |     1 |       |       ||     1
 Stab: Sleeping          |     1 |     4 |     6 ||    11
       Invisible         |       |       |     2 ||     2
Dodge: Dodged            |     8 |       |    12 ||    20
